 Dungeon Crawl Stone Soup version 0.23.2-40-g277498a (webtiles) character file.

Game seed: 1416645207403593903

39 Fang the Skirmisher (level 3, -5/24 HPs)
             Began as a Gargoyle Berserker on Oct 21, 2019.
             Was a Believer of Trog.
             Slain by a worm (7 damage)
             ... on level 2 of the Dungeon.
             The game lasted 00:01:19 (1613 turns).

Fang the Skirmisher (Gargoyle Berserker)            Turns: 1613, Time: 00:01:19

Health: -5/24      AC:  7    Str: 21    XL:     3   Next: 45%
Magic:  3/3        EV: 12    Int:  7    God:    Trog [**....]
Gold:   89         SH:  0    Dex: 12    Spells: 2/2 levels left

rFire    . . .     SeeInvis .   a - +0 hand axe
rCold    . . .     Gourm    .   (no shield)
rNeg     + . .     Faith    .   b - +0 animal skin
rPois    ∞         Spirit   .   (no helmet)
rElec    +         Reflect  .   (no cloak)
rCorr    .         Harm     .   (no gloves)
MR       .....                  (no boots)
Stlth    +.........             (no amulet)
HPRegen  0.08/turn              g - +2 ring of protection
MPRegen  0.08/turn              o - +3 ring of dexterity

@: berserk cooldown, slowed, very slow
A: negative energy resistance 1, electricity resistance, unbreathing,
petrification resistance, rot immunity, AC +3
a: Berserk, Trog's Hand, Renounce Religion


You were on level 2 of the Dungeon.
You worshipped Trog.
Trog was pleased with you.
You were very hungry.

You visited 1 branch of the dungeon, and saw 2 of its levels.

You collected 89 gold pieces.

Inventory:

Hand Weapons
 a - a +0 hand axe (weapon)
Armour
 b - a +0 animal skin (worn)
Jewellery
 g - a +2 ring of protection (left hand)
 o - a +3 ring of dexterity (right hand)
Scrolls
 d - 2 scrolls of blinking {unknown}
 e - 4 scrolls of identify {unknown}
 f - a scroll of fear {unknown}
 h - a scroll of noise {unknown}
 j - a scroll of remove curse {unknown}
 l - a scroll of teleportation {unknown}
Potions
 i - a potion of agility {unknown}
 k - a potion of degeneration {unknown}
 n - a potion of curing {unknown}
 p - a potion of lignification {unknown}
Comestibles
 c - 4 rations
 m - 5 chunks of flesh


   Skills:
 + Level 3.8 Fighting
 + Level 3.0 Axes
 + Level 2.7 Armour
 + Level 2.0 Dodging


You had 2 spell levels left.
You didn't know any spells.
Your spell library was empty.

Dungeon Overview and Level Annotations

Branches:
Dungeon (2/15)

Altars:
Elyvilon


Innate Abilities, Weirdness & Mutations

You are resistant to torment.
Your stone body is resilient. (AC +3)
You are immune to poison.
You resist negative energy. (rN+)
You are resistant to electric shocks. (rElec)
You can survive without breathing.
You are immune to petrification.
You are immune to rotting.


Message History

The worm is heavily wounded.
The worm bites you.
* * * LOW HITPOINT WARNING * * *
You hit the worm.
The worm is heavily wounded.
The worm closely misses you.
You hit the worm.
The worm is heavily wounded.
The worm bites you but does no damage.
You barely miss the worm.
The worm is heavily wounded.
The worm barely misses you.
Your unstable footing causes you to fumble your attack.
The worm splashes around in the water.
You hit the worm.
The worm is heavily wounded.
The worm barely misses you.
Your unstable footing causes you to fumble your attack.
The worm bites you!
You die...

#. #. ######. ###
....... ..
≈≈≈....##.##
≈≈≈≈≈≈......#
≈≈≈≈≈≈≈≈≈...#
≈≈≈≈≈≈≈≈≈≈w..#
≈≈≈≈_≈≈≈≈≈@..# #
≈≈≈≈≈≈≈≈≈≈≈≈..#
##
≈≈≈≈≈≈≈≈≈≈≈...#
.#
.≈≈≈≈≈≈≈≈≈..#.#
.#
...≈≈≈≈≈...##.#
##. ..........#
.# ##.
#.#.....#.# .#
##.####.#.#.#.#.#
.#
.#....#.#.#[..#.#
.#


You could see a worm.

Vanquished Creatures
  An adder (D:2)
  2 worms (D:2)
  2 giant cockroaches (D:1)
  4 goblins
  5 hobgoblins
  2 bats
  3 frilled lizards
  2 kobolds
  3 rats
24 creatures vanquished.

Notes
Turn   | Place    | Note
-------+----------+-------------------------------------------
     0 | D:1      | Fang the Gargoyle Berserker began the quest for the Orb.
     0 | D:1      | Reached XP level 1. HP: 14/14 MP: 1/1
   584 | D:1      | Reached XP level 2. HP: 19/19 MP: 2/2
  1380 | D:2      | Reached XP level 3. HP: 23/24 MP: 3/3
  1496 | D:2      | Found a white marble altar of Elyvilon.
  1577 | D:2      | Reached ** piety under Trog
  1585 | D:2      | Found a white marble altar of Elyvilon.
  1607 | D:2      | HP: 1/24 [worm (6)]
  1613 | D:2      | Slain by a worm

Skill      XL: |  1  2 |
---------------+-------+-----
Axes           | 3 |  3.0
Dodging        | 2 |  2.0
Fighting       | |  3.8
Armour         | |  2.7

Action                   || total
-------------------------++-------
Melee: Hand axe          ||   105
Invok: Berserk           ||     1
  Eat: Chunk             ||     2
Armor: Animal skin       ||    33
Dodge: Dodged            ||    66
